 Dungeon Crawl Stone Soup version 0.17-a0-1479-g4041c36 (console) character file.

705 Fusha the Digger (level 7, -4/46 HPs)
             Began as a Vampire Earth Elementalist on July 3, 2015.
             Was an Initiate of Ru.
             Killed by nerve-wracking pain
             ... invoked by an orc priest
              (11 damage)
             ... on level 5 of the Dungeon.
             The game lasted 00:23:34 (5866 turns).

Fusha the Digger (Vampire Earth Elementalist)       Turns: 5866, Time: 00:23:34

Health: -4/46      AC:  5    Str: 10    XL:     7   Next: 39%
Magic:  3/10       EV: 14    Int: 20    God:    Ru [......]
Gold:   250        SH:  4    Dex: 14    Spells: 3 memorised, 4 levels left

rFire  . . .     SeeInvis +     b - +0 short sword
rCold  + . .     Clarity  .     d - +0 robe
rNeg   + + .     SustAt   .     A - +0 buckler
rPois  +         Gourm    .     B - +2 helmet
rElec  .         Spirit   .     (no cloak)
rCorr  .         Warding  .     (no gloves)
rMut   .         Stasis   .     (no boots)
MR     .....                    (no amulet)
Stlth  +++.......               (no ring)
                                n - +3 ring of strength

@: regenerating slowly, not resistant to hostile enchantments, fairly stealthy
A: fangs 3, see invisible, unbreathing
a: Bat Form, Renounce Religion


You were on level 5 of the Dungeon.
You worshipped Ru.
Ru was noncommittal.
You were very thirsty.

You visited 1 branch of the dungeon, and saw 5 of its levels.

You collected 250 gold pieces.

Inventory:

Hand weapons
 b - a +0 short sword (weapon)
Missiles
 a - 75 stones (quivered)
 f - 4 tomahawks
 q - 14 poisoned needles
 t - 6 javelins
Armour
 d - a +0 robe (worn)
 v - a +0 helmet
 A - a +0 buckler (worn)
 B - a +2 helmet (worn)
 D - a +0 leather armour of cold resistance
Jewellery
 n - a +3 ring of strength (left hand)
Magical devices
 u - a wand of lightning (0)
Scrolls
 e - 3 scrolls of recharging {unknown}
 i - 4 scrolls of remove curse {unknown}
 p - 2 scrolls of identify {unknown}
 r - a scroll of immolation {unknown}
 s - 4 scrolls of noise {unknown}
 w - 2 scrolls of teleportation {unknown}
 x - a scroll of fear {unknown}
 y - a scroll of random uselessness {unknown}
 C - 2 scrolls of fog {unknown}
Potions
 g - a potion of haste {unknown}
 h - 2 potions of lignification {unknown}
 j - 9 potions of blood
 k - 3 potions of curing {unknown}
 l - a potion of poison {unknown}
 m - a potion of ambrosia {unknown}
 o - 3 potions of agility {unknown}
 z - 3 potions of flight {unknown}
Books
 c - a book of Geomancy

   Spells                             Type                      Level
   a - Sandblast                      Earth                        1
   b - Stoneskin                      Transmutation/Earth          2
   c - Passwall                       Transmutation/Earth          3
   d - Stone Arrow                    Conjuration/Earth            3
   e - Petrify                        Transmutation/Earth          4
   f - Lee's Rapid Deconstruction     Earth                        5


   Skills:
 + Level 5.0 Dodging
 - Level 3.9 Stealth
 + Level 1.6 Shields
 - Level 2.0 Spellcasting
 - Level 3.0 Conjurations
 - Level 1.1 Transmutations
 * Level 5.6 Earth Magic


You had 4 spell levels left.
You knew the following spells:

 Your Spells              Type           Power        Failure   Level  Hunger
a - Sandblast             Erth           ###...       1%          1    #......
b - Stoneskin             Trmt/Erth      ###.....     10%         2    ##.....
c - Stone Arrow           Conj/Erth      ###...       12%         3    ###....


Dungeon Overview and Level Annotations

Branches:
Dungeon (5/15)
 Temple: D:4-7

Altars:
Cheibriados
Ru
Trog
Xom

Annotations:
D:5 amnekian's ghost, experienced OpTm


Innate Abilities, Weirdness & Mutations

You heal slowly.
You have razor-sharp teeth.
You have supernaturally acute eyesight.
You can survive without breathing.


Message History

Aim: an orc priest, wielding a morningstar and wearing a leather armour (almost dead)
The rocky blast misses the orc priest.
b - a +0 short sword (weapon)
The orc priest closely misses you.
You hit the orc priest but do no damage.
The orc priest is almost dead.
The orc priest mumbles some strange prayers to Beogh against you.
Something smites you!
An ogre comes into view. It is wielding a giant spiked club.
You closely miss the orc priest.
The orc priest is almost dead.
The ogre shouts!
The orc priest invokes the aid of Beogh against you.
Pain shoots through your body!
* * * LOW HITPOINT WARNING * * *
You hit the orc priest.
The orc priest is almost dead.
The orc priest calls down the wrath of Beogh upon you.
Pain shoots through your body!
You die...

#########.#.....
.................#
..............##.#######
..............##...)....
..............)<........
....
..............##........
....
..............#.........
.....
...........%..#.........
.....
......o@......#...###'##
...... ..............#...#
.# #......
..............#...# .#
.......
..............#...#
#######+
..............#...#
†..#...#...O...........#
...#...#...............#
.......#.................
##._.###...............###


You could see an ogre and an orc priest.

Vanquished Creatures
  An ogre (D:4)
  Blork the orc (D:4)
  A big kobold (D:4)
  A scorpion (D:5)
  A giant frog zombie (D:5)
  3 hounds
  2 worker ants
  A sheep (D:4)
  2 orc wizards (D:5)
  3 gnolls (D:4)
  3 adders
  A shadow imp (D:5)
  An ooze (D:2)
  An adder skeleton (D:4)
  4 worms
  13 orcs
  A bat zombie (D:5)
  2 giant cockroaches
  10 hobgoblins
  12 jackals
  10 kobolds
  15 bats
  3 giant geckos
  A giant gecko skeleton (D:5)
  6 giant newts
  11 goblins
  9 rats
119 creatures vanquished.

Vanquished Creatures (others)
  4 sheep (D:4)
4 creatures vanquished.

Grand Total: 123 creatures vanquished

Notes
Turn   | Place    | Note
--------------------------------------------------------------
     0 | D:1      | Fusha the Vampire Earth Elementalist began the quest for the Orb.
     0 | D:1      | Reached XP level 1. HP: 13/13 MP: 3/3
   385 | D:1      | Reached XP level 2. HP: 19/19 MP: 5/5
  1184 | D:2      | Reached XP level 3. HP: 24/24 MP: 6/6
  1191 | D:2      | Learned a level 2 spell: Stoneskin
  1195 | D:2      | Learned a level 3 spell: Stone Arrow
  1745 | D:3      | Reached XP level 4. HP: 23/30 MP: 3/7
  1869 | D:3      | Reached skill level 1 in Conjurations
  2767 | D:3      | Noticed a moth of wrath
  2769 | D:3      | Found a bloodstained altar of Trog.
  2792 | D:3      | Reached skill level 4 in Earth Magic
  3055 | D:4      | Noticed Blork the orc
  3062 | D:4      | Killed Blork the orc
  3062 | D:4      | Reached XP level 5. HP: 35/35 MP: 1/8
  3182 | D:4      | Found a shimmering altar of Xom.
  3312 | D:4      | Found a snail-covered altar of Cheibriados.
  3380 | D:4      | Noticed an ogre
  3386 | D:4      | Killed an ogre
  3386 | D:4      | Reached XP level 6. HP: 17/41 MP: 5/9
  4623 | D:5      | Entered Level 5 of the Dungeon
  4734 | D:5      | Found a sacrificial altar of Ru.
  4810 | D:5      | Became a worshipper of Ru the Awakened
  4933 | D:5      | Noticed amnekian's ghost (experienced OpTm)
  4944 | D:5      | Reached skill level 5 in Earth Magic
  5182 | D:4      | Reached skill level 1 in Shields
  5182 | D:4      | Reached XP level 7. HP: 46/46 MP: 4/10
  5857 | D:5      | Reached skill level 5 in Dodging
  5866 | D:5      | Killed from afar by an orc priest

Vault maps used:
D:1:      lightli_arrival_windingriver
D:2:      kennysheep_six_static_rooms
D:3:      tgw_trog, minmay_parallelograms, minivault_19
D:4:      nicolae_overflow_hidden_temple, kb_xom_exploding_sheep,
          uniq_blork_the_orc
D:5:      first_bread, nicolae_ru_great_annihilating_truth, uniq_menkaure,
          uniq_crazy_yiuf_cottage

Action                   |  1- 3 |  4- 6 |  7- 9 || total
-------------------------+-------+-------+-------++-------
Melee: Unarmed           |    30 |       |       ||    30
       Short sword       |   118 |   207 |    14 ||   339
 Cast: Sandblast         |    11 |    63 |    30 ||   104
Evoke: Wand              |       |     1 |       ||     1
  Use: Potion            |    12 |     2 |     1 ||    15
 Stab: Sleeping          |    11 |     4 |       ||    15
       Distracted        |       |     1 |       ||     1
       Paralysed         |       |     1 |       ||     1
